 Dungeon Crawl Stone Soup version 0.32-a0-540-g866d13106e (webtiles) character file.

Game seed: 12068848418593460230

268 dialectric the Sneak (level 6, -12/42 HPs)
             Began as an Octopode Brigand on Feb 29, 2024.
             Mangled by an ogre
             ... wielding a +0 giant club
              (22 damage)
             ... on level 4 of the Dungeon.
             The game lasted 00:02:14 (2550 turns).

dialectric the Sneak (Octopode Brigand)             Turns: 2550, Time: 00:02:15

Health: -12/42     AC:  1    Str: 11    XL:     6   Next: 21%
Magic:  0/6        EV: 13    Int: 13    God:
Gold:   211        SH:  0    Dex: 15    Spells: 5/5 levels left

rFire   + . .        a - +2 dagger
rCold   . . .        (no shield)
rNeg    . . .        (helmet restricted)
rPois   .            l - amulet of guardian spirit
rElec   .            f - ring of willpower
rCorr   .            A - ring of protection from fire
SInv    .            (no ring)
Will    +....        (no ring)
Stlth   ++++         (no ring)
HPRegen 0.27/turn    (no ring)
MPRegen 0.10/turn    (no ring)
                     (no ring)

%: guardian spirit
@: no status effects
A: almost no armour, amphibious, 8 rings, camouflage 1, gelatinous body 1,
(nimble swimmer 1), tentacles
a: no special abilities


You were on level 4 of the Dungeon.
You visited 1 branch of the dungeon, and saw 4 of its levels.

You collected 211 gold pieces.

Inventory:

Hand Weapons
 a - a +2 dagger (weapon)
 u - a +0 rapier
Missiles
 b - 15 poisoned darts (quivered)
 c - 3 curare-tipped darts
 s - 5 atropa-tipped darts
Armour
 y - a +0 tower shield
Jewellery
 f - a ring of willpower (left tentacle)
 l - an amulet of guardian spirit (around mantle)
 A - a ring of protection from fire (right tentacle)
Talismans
 v - a serpent talisman
Scrolls
 g - a scroll of torment {unknown}
 i - a scroll of identify {unknown}
 o - a scroll of enchant weapon {unknown}
 r - a scroll of teleportation {unknown}
 w - a scroll of fear {unknown}
 x - a scroll of blinking {unknown}
 z - a scroll of noise {unknown}
Potions
 d - 2 potions of ambrosia {unknown}
 e - a potion of degeneration {unknown}
 h - a potion of magic {unknown}
 j - 2 potions of enlightenment {unknown}
 k - 2 potions of haste {unknown}
 m - a potion of brilliance {unknown}
 n - 2 potions of mutation {unknown}
 p - 2 potions of resistance {unknown}
 q - 2 potions of curing {unknown}
 t - a potion of invisibility {unknown}


   Skills:
 + Level 3.2 Fighting
 * Level 3.6 Short Blades
 + Level 3.1 Throwing
 + Level 2.5 Dodging
 + Level 6.4 Stealth


You had 5 spell levels left.
You didn't know any spells.
Your spell library was empty.

Dungeon Overview and Level Annotations

Branches:
Dungeon (4/15)
 Temple: D:4-7

Altars:

Shops:
D:4 =


Innate Abilities, Weirdness & Mutations

You cannot wear most types of armour.
You are amphibious.
You can wear up to eight rings at the same time.
Your skin changes colour to match your surroundings (Stealth+).
Your rubbery body absorbs attacks. (AC +1, EV +1)
((You are camouflaged when in or above water. (Stealth+)))
You have tentacles for arms and can constrict up to eight enemies at once.


Message History

An ogre is nearby!
The ogre shouts!
You hit the ogre.
The ogre is lightly wounded.
The ogre barely misses you.
You hit the ogre. You squeeze the ogre.
The ogre is moderately wounded.
You barely miss the ogre.
The ogre is moderately wounded.
The ogre misses you.
You hit the ogre. Your squeeze misses the ogre.
The ogre is heavily wounded.
You completely miss the ogre. You squeeze the ogre.
The ogre is severely wounded.
The ogre hits you with a +0 giant club!
You hit the ogre.
The ogre is severely wounded.
An endoplasm comes into view.
The ogre barely misses you.
You hit the ogre.
The ogre is severely wounded.
You closely miss the ogre.
The ogre is severely wounded.
The ogre hits you with a +0 giant club!!
* * * LOW HITPOINT WARNING * * *
You are too injured to fight recklessly!
You are too injured to fight recklessly!
You are too injured to fight recklessly!
You are too injured to fight recklessly!
You are too injured to fight recklessly!
You are too injured to fight recklessly!
You are too injured to fight recklessly!
Unknown command.
You hit the ogre.
The ogre is almost dead.
You hit the ogre. You squeeze the ogre, but do no damage.
The ogre is almost dead.
The ogre hits you with a +0 giant club!!
Ouch! That really hurt!
You die...

.########># .##### #.#
#################
<..#.####.#####
#................
..............#
#.###############
.....#.##.###.###.##
....#.###.###.##...#
...................#
.###......###.##...#####
.# #...##.# # #.@.......
..# .# #<..##.#
#O######## #.#
.###...##.###.#J #.#
<............... #.#
......######..## #.#
......# .# #.# #######
#. #.# # # ####.# #
#....######


You could see an ogre and an endoplasm.

Vanquished Creatures
  A sky beast (D:4)
  A scorpion (D:4)
  An iguana (D:3)
  3 adders
  2 dart slugs
  A ribbon worm (D:2)
  2 orcs (D:3)
  5 bats
  8 endoplasms
  4 giant cockroaches
  3 goblins
  9 hobgoblins
  4 jackals (D:4)
  A quokka (D:1)
  2 ball pythons
  3 frilled lizards
  6 kobolds
  3 rats
59 creatures vanquished.

Notes
Turn   | Place    | Note
-------+----------+-------------------------------------------
     0 | D:1      | dialectric the Octopode Brigand began the quest for the
                  | Orb.
     0 | D:1      | Reached XP level 1. HP: 14/14 MP: 1/1
    79 | D:1      | Reached XP level 2. HP: 19/19 MP: 2/2
   381 | D:1      | Reached XP level 3. HP: 21/24 MP: 3/3
  1006 | D:2      | Reached XP level 4. HP: 30/30 MP: 4/4
  1825 | D:3      | Reached skill level 6 in Stealth
  2274 | D:4      | Noticed a sky beast
  2279 | D:4      | Reached XP level 5. HP: 32/36 MP: 5/5
  2405 | D:4      | Found Yheroov's Jewellery Emporium.
  2469 | D:4      | Killed a sky beast
  2470 | D:4      | Reached XP level 6. HP: 42/42 MP: 6/6
  2550 | D:4      | Mangled by an ogre

Illustrated notes

Levels and vault maps discovered:
D:1:      beargit_arrival_greenhouse, layout_loops_ring
D:2:      layout_loops_ring, lightli_corner_chamber
D:3:      layout_loops_corners
D:4:      layout_loops_ring, serial_shops, nicolae_shop_getting_attention

Skill      XL: |  1  2  3  4  5 |
---------------+----------------+-----
Dodging        | 2 |  2.5
Stealth        | 6 |  6.4
Fighting       | 3 |  3.2
Short Blades   | 3 |  3.6
Throwing       | 3 |  3.1

Action                     |  1- 3 |  4- 6 || total
---------------------------+-------+-------++-------
  Melee: Dagger            |    58 |    58 ||   116
         Constrict         |    12 |     6 ||    18
         Tentacles         |     5 |    12 ||    17
    Use: Scroll            |       |     1 ||     1
   Stab: Sleeping          |    13 |     9 ||    22
 Armour: Skin              |    16 |    15 ||    31
  Dodge: Dodged            |    21 |    26 ||    47

Table legend: (Time is in decaauts)
 A = Elapsed time spent in this place.
 B = Non-inter-level travel time spent in this place.
 C = Inter-level travel time spent in this place.
 D = Time resting spent in this place.
 E = Time spent auto-exploring this place.
 F = Levels seen in this place.
 G = Mean time per level.
                   A        B        C        D        E       F      G
               +--------+--------+--------+--------+--------+-----+--------+
         Total |   2533 |   2425 |    108 |      0 |   1989 |   4 |  633.2 |
       Dungeon |   2533 |   2425 |    108 |      0 |   1989 |   4 |  633.2 |
               +--------+--------+--------+--------+--------+-----+--------+

Top non-repeatable levels by time:
     D:3: 842 daAuts
     D:1: 644 daAuts
     D:2: 604 daAuts
     D:4: 442 daAuts
